Match 27605774
Unlisted

Match 27605774
End
Panzergrenadier Squad
Selects Battlefield Espionage Battlegroup
250 Light Carrier
Panzergrenadier Squad
Construct Light Support Kompanie
2.5-tonne Medical Truck
MG34 Team
Construct Mechanized Kompanie
Selects 250/3 Funkpanzerwagen
Assault Mechanized Group
Marder III Tank Destroyer
Selects 250/3 Funkpanzerwagen
Selects Intel Disruption Beacon
MG34 Team
Veteran Squad Leaders
Selects Advanced Ambush Training
Assault Mechanized Group
Selects Plunder
MG34 Team
Construct Panzerarmee Kommand
Just CS 🤡
Anthrous
Epyx
RyuJou
Kitty
Insurmountable Odds
0
0

Comments sign in to comment!

No comments posted yet!